 Dungeon Crawl Stone Soup version 0.20.0-10-g0535bb4 (webtiles) character file.

738 Chiseanne the Chopper (level 7, -8/62 HPs)
             Began as a Minotaur Monk on June 4, 2017.
             Was a Believer of Makhleb.
             Mangled by an ogre
             ... wielding a +0 giant club
              (24 damage)
             ... on level 4 of the Dungeon.
             The game lasted 00:04:51 (3382 turns).

Chiseanne the Chopper (Minotaur Monk)               Turns: 3382, Time: 00:04:52

Health: -8/62      AC:  9    Str: 15    XL:     7   Next: 46%
Magic:  6/6        EV:  9    Int:  7    God:    Makhleb [**....]
Gold:   208        SH:  0    Dex: 15    Spells: 6/6 levels left

rFire    . . .     SeeInvis .   a - +1 war axe (flame)
rCold    . . .     Gourm    .   (no shield)
rNeg     . . .     Faith    .   h - +0 chain mail
rPois    .         Spirit   .   (helmet restricted)
rElec    .         Reflect  .   (no cloak)
rCorr    .         Harm     .   (no gloves)
MR       .....                  (no boots)
Stlth    ..........             (no amulet)
Regen    0.2/turn               t - ring of loudness (curse)
MPRegen  0.1/turn               (no ring)

@: no status effects
A: retaliatory headbutt, horns 2
a: Minor Destruction, Renounce Religion


You were on level 4 of the Dungeon.
You worshipped Makhleb.
Makhleb was pleased with you.
You were not hungry.

You visited 2 branches of the dungeon, and saw 5 of its levels.

You collected 208 gold pieces.

Inventory:

Hand Weapons
 a - a +1 war axe of flaming (weapon)
Missiles
 b - 4 javelins
 f - 38 arrows
 i - 19 sling bullets
 j - 182 stones (quivered)
 l - 6 tomahawks
Armour
 h - a +0 chain mail (worn)
 p - a +2 ring mail of fire resistance
 r - the +3 large shield of the Commoners {rPois Int+3, unknown}
   (You found it on level 4 of the Dungeon)

   It affects your intelligence (+3).
   It protects you from poison.
Jewellery
 t - a cursed ring of loudness (left hand)
Scrolls
 d - 3 scrolls of identify
 e - a scroll of remove curse
Potions
 m - a potion of lignification {unknown}
 n - a potion of agility {unknown}
 o - 3 potions of curing {unknown}
 q - 2 potions of flight {unknown}
 s - a potion of brilliance {unknown}
Comestibles
 c - 3 bread rations
 g - 7 fruits
 k - 4 royal jellies


   Skills:
 - Level 5.9 Fighting
 * Level 6.0 Axes
 * Level 5.0 Armour
 * Level 5.5 Dodging
 - Level 1.5 Stealth
 * Level 0.4 Invocations


You had 6 spell levels left.
You didn't know any spells.

Dungeon Overview and Level Annotations

Branches:
Dungeon (4/15)             Temple (1/1) D:4

Altars:
Ashenzari
Dithmenos
Elyvilon
Fedhas
Gozag
Hepliaklqana
Kikubaaqudgha
Makhleb
Nemelex Xobeh
Okawaru
Ru
Sif Muna
Trog
Uskayaw
Vehumet
Xom
Yredelemnul
The Shining One


Innate Abilities, Weirdness & Mutations

You reflexively headbutt those who attack you in melee.
You have a pair of horns on your head.


Message History

You are too injured to fight recklessly!
You are too injured to fight recklessly!
You are too injured to fight recklessly!
You are too injured to fight recklessly!
You are too injured to fight recklessly!
You are too injured to fight recklessly!
You are too injured to fight recklessly!
You are too injured to fight recklessly!
You are too injured to fight recklessly!
You are too injured to fight recklessly!
You are too injured to fight recklessly!
You are too injured to fight recklessly!
You hit the ogre. You burn the ogre.
The ogre is severely wounded.
The ogre hits you with a giant club.
* * * LOW HITPOINT WARNING * * *
You hit the ogre. You burn the ogre.
The ogre is almost dead.
The ogre hits you with a giant club!!
You die...

###### ### .....# ##.##
####.##########..$#
..................
#######.#######... #.#
#.# #.# #O# #######.###
#@# .....>..>.# #.#
...####.#.# #.#
........#.# #.#
...######.# #.# ...#
#....# #.# .### #.####
#.# .# #.### #.####
.#####...#######...)####


You could see an ogre.

Vanquished Creatures
  Grinder (D:4)
  Sigmund (D:3)
  Menkaure (D:4)
  A hound (D:4)
  An orc wizard (D:3)
  A centaur skeleton (D:4)
  Terence (D:2)
  A howler monkey zombie (D:4)
  6 adders
  2 oozes (D:3)
  An adder skeleton (D:4)
  4 worms
  A dart slug (D:1)
  A leopard gecko (D:3)
  9 orcs
  A ball python (D:3)
  A giant cockroach (D:2)
  4 goblins
  8 hobgoblins
  3 quokkas
  3 bats
  5 frilled lizards
  6 kobolds
  14 rats
77 creatures vanquished.

Notes
Turn   | Place    | Note
-------+----------+-------------------------------------------
     0 | D:1      | Chiseanne the Minotaur Monk began the quest for the Orb.
     0 | D:1      | Reached XP level 1. HP: 19/19 MP: 0/0
   570 | D:1      | Reached skill level 1 in Armour
   612 | D:1      | Reached XP level 2. HP: 27/27 MP: 1/1
   882 | D:2      | Noticed Terence
   904 | D:2      | Killed Terence
   904 | D:2      | Reached skill level 4 in Axes
   904 | D:2      | Reached XP level 3. HP: 22/33 MP: 2/2
  1188 | D:2      | Reached XP level 4. HP: 36/40 MP: 3/3
  1782 | D:3      | Noticed Sigmund
  1799 | D:3      | Killed Sigmund
  1799 | D:3      | Reached skill level 5 in Fighting
  1799 | D:3      | Reached skill level 5 in Axes
  1799 | D:3      | Reached XP level 5. HP: 24/48 MP: 4/4
  1799 | D:3      | Reached XP level 6. HP: 28/56 MP: 5/5
  2900 | D:4      | Noticed Menkaure
  2903 | D:4      | Killed Menkaure
  2903 | D:4      | Reached skill level 5 in Dodging
  2988 | D:4      | Noticed Grinder
  3001 | D:4      | Paralysed by Grinder for 2 turns
  3003 | D:4      | Killed Grinder
  3003 | D:4      | Reached skill level 5 in Armour
  3003 | D:4      | Reached XP level 7. HP: 52/62 MP: 6/6
  3060 | D:4      | Found a staircase to the Ecumenical Temple.
  3093 | D:4      | Reached skill level 6 in Axes
  3118 | Temple   | Entered the Ecumenical Temple
  3172 | Temple   | Became a worshipper of Makhleb the Destroyer
  3172 | Temple   | Reached * piety under Makhleb
  3172 | Temple   | Reached ** piety under Makhleb
  3273 | D:4      | Got a pitted large shield
  3382 | D:4      | Mangled by an ogre

Skill      XL: |  1  2  3  4  5  6  7 |
---------------+----------------------+-----
Armour         | 1 2 3 5 |  5.0
Axes           | 4 5 6 |  6.0
Fighting       | 4 5 |  5.9
Dodging        | 4 5 |  5.5
Stealth        | |  1.5
Invocations    | |  0.4

Action                   |  1- 3 |  4- 6 |  7- 9 || total
-------------------------+-------+-------+-------++-------
Melee: Hand axe          |    60 |    78 |       ||   138
       Headbutt          |     6 |    22 |     3 ||    31
       War axe           |       |    48 |    16 ||    64
  Use: Scroll            |     2 |     4 |       ||     6
       Potion            |       |     1 |       ||     1
 Stab: Sleeping          |     3 |       |       ||     3
  Eat: Chunk             |     1 |     6 |     1 ||     8
Armor: Robe              |     2 |       |       ||     2
       Chain mail        |     3 |    58 |     5 ||    66
Dodge: Dodged            |    35 |    58 |     5 ||    98
